 Dungeon Crawl Stone Soup version 0.28.0-53-g5a82cb258f (webtiles) character file.

Game seed: 6057058111638311281

65 cbfl8 the Skirmisher (level 3, 0/30 HPs)
             Began as a Demonspawn Berserker on Sept 10, 2022.
             Was a Believer of Trog.
             Slain by Terence
             ... wielding a +0 hand axe
              (4 damage)
             ... on level 2 of the Dungeon.
             The game lasted 00:01:57 (2244 turns).

cbfl8 the Skirmisher (Demonspawn Berserker)         Turns: 2244, Time: 00:01:57

Health: 0/30       AC:  3    Str: 17    XL:     3   Next: 94%
Magic:  3/3        EV: 12    Int:  8    God:    Trog [**....]
Gold:   49         SH:  0    Dex: 14    Spells: 2/2 levels left

rFire   . . .      SeeInvis .   a - +0 hand axe
rCold   . . .      Faith    .   (no shield)
rNeg    . . .      Spirit   .   f - +0 leather armour
rPois   .          Reflect  .   (no helmet)
rElec   .          Harm     .   (no cloak)
rCorr   .          Rampage  .   (no gloves)
Will    .....                   (no boots)
Stlth   +.........              (no amulet)
HPRegen 0.10/turn               (no ring)
MPRegen 0.08/turn               (no ring)

@: no status effects
A: weakness stinger 1
a: Renounce Religion, Berserk, Trog's Hand


You were on level 2 of the Dungeon.
You worshipped Trog.
Trog was pleased with you.
You visited 1 branch of the dungeon, and saw 2 of its levels.

You collected 49 gold pieces.

Inventory:

Hand Weapons
 a - a +0 hand axe (weapon)
Armour
 b - a +0 animal skin
 f - a +0 leather armour (worn)
Scrolls
 c - a scroll of immolation {unknown}
 d - 2 scrolls of noise {unknown}
 g - a scroll of identify {unknown}
Potions
 e - a potion of curing {unknown}
 h - a potion of magic {unknown}


   Skills:
 * Level 3.7 Fighting
 * Level 3.5 Axes
 + Level 1.9 Armour
 * Level 2.1 Dodging
 * Level 0.4 Evocations


You had 2 spell levels left.
You didn't know any spells.
Your spell library was empty.

Dungeon Overview and Level Annotations

Branches:
Dungeon (2/15)

Altars:

Annotations:
D:2 Terence


Innate Abilities, Weirdness & Mutations

You have a small tail.


Message History

Found 21 stones.
You hit Terence.
Terence is lightly wounded.
The bat hits you but does no damage. Terence hits you but does no damage.
There are monsters nearby!
You hit Terence.
Terence is moderately wounded.
You hit the bat.
You kill the bat!
Trog accepts your kill. Terence completely misses you. Terence misses you.
You hit Terence.
Terence is severely wounded.
Terence hits you with a +0 hand axe.
You closely miss Terence. You tail-slap Terence.
Terence is severely wounded.
Terence closely misses you.
You barely miss Terence.
Terence is severely wounded.
Terence hits you with a +0 hand axe.
You hit Terence.
Terence is almost dead.
Terence hits you with a +0 hand axe.
You hit Terence but do no damage.
Terence is almost dead.
Terence closely misses you.
You hit Terence but do no damage.
Your tail-slap misses Terence.
Terence is almost dead.
Terence hits you with a +0 hand axe!
You are too injured to fight recklessly!
You hit Terence but do no damage.
Terence is almost dead.
A bat comes into view.
Terence says, "Did you write a will?
You should..."
Terence hits you with a +0 hand axe!
* * * LOW HITPOINT WARNING * * *
You hit Terence but do no damage.
Terence is almost dead.
Terence hits you with a +0 hand axe.
You die...

#......#..............#
#......................
.#..........รท...........
(.......................
...........#.##.#....###
##............(<#....#
#....#.........##..#.#
#.##....).##.#.<####...
.......@..##...........
.......@...............
..........##.##########
.......b.....#
.........##### ..........
.......... ...........


You could see Terence and a bat.

Vanquished Creatures
  An adder (D:2)
  A worm (D:2)
  2 dart slugs (D:2)
  3 ball pythons (D:1)
  2 endoplasms (D:1)
  2 giant cockroaches
  A goblin (D:1)
  8 hobgoblins
  8 jackals
  4 quokkas (D:1)
  4 bats
  5 kobolds
  A rat (D:1)
42 creatures vanquished.

Notes
Turn   | Place    | Note
-------+----------+-------------------------------------------
     0 | D:1      | cbfl8 the Demonspawn Berserker began the quest for the Orb.
     0 | D:1      | Reached XP level 1. HP: 18/18 MP: 1/1
   356 | D:1      | Gained mutation: You have a small tail. [demonic ancestry]
   356 | D:1      | Reached XP level 2. HP: 7/24 MP: 2/2
   750 | D:1      | Found a faded altar of an unknown god.
  1113 | D:1      | Reached XP level 3. HP: 29/29 MP: 3/3
  2199 | D:2      | Reached ** piety under Trog
  2231 | D:2      | Noticed Terence
  2244 | D:2      | Slain by Terence

Illustrated notes

Levels and vault maps discovered:
D:1:      zelgadis_glass_arrival_large, layout_basic,
          chequers_ecumenical_altar_island, chequers_avenue, st_stairs_9
D:2:      layout_rooms, uniq_crazy_yiuf_cottage, uniq_terence

Skill      XL: |  1  2 |
---------------+-------+-----
Dodging        | 2 |  2.1
Axes           | 3 |  3.5
Fighting       | |  3.7
Armour         | |  1.9
Evocations     | |  0.4

Action                   || total
-------------------------++-------
Melee: Hand axe          ||   144
       Tailslap          ||    10
       Punch             ||     2
Invok: Berserk           ||     1
 Stab: Sleeping          ||     1
Armor: Animal skin       ||    34
       Leather armour    ||     2
Dodge: Dodged            ||   104
